[Event "*** Titled Tuesday 3|2 Blitz"]
[Site "Chess.com"]
[Date "2016.08.02"]
[Round "3"]
[White "Spas_Kozhuharov"]
[Black "Pudor"]
[Result "0-1"]
[WhiteElo "2438"]
[BlackElo "2294"]
[TimeControl "180+2"]
[EndTime "11:38:44 PDT"]
[Termination "Pudor won by checkmate"]

1. d4 Nf6 2. c4 d6 3. Nc3 Nbd7 4. Nf3 e5 5. g3 g6 6. Bg2 Bg7 7. O-O O-O 8. b3 exd4 9. Nxd4 Re8 10. Bb2 Nc5 11. Qc2 a5 12. Rad1 c6 13. Rd2 Qe7 14. a3 Bd7 15. b4 axb4 16. axb4 Nce4 17. Nxe4 Nxe4 18. Rdd1 Ra2 19. Qb3 Rxb2 20. Qxb2 c5 21. bxc5 dxc5 22. Bxe4 Qxe4 23. Qb1 cxd4 24. Qxe4 Rxe4 25.
Rd2 Bc6 26. Ra1 h5 27. Ra3 Kh7 28. h4 Re8 29. Kf1 Rc8 30. e3 dxe3 31. Rxe3 Ba4 32. Re7 Rxc4 33. Rxf7 Rc1+ 34. Ke2 Bb5+ 35. Ke3 Kg8 36.
Rxb7 Rc3+ 37. Ke4 Bc6+ 38. Kf4 Bxb7 39. Kg5 Kh7 40. Rd7 Rc5+ 41. Kf4 Bc6 42. Rc7 Kh6 43. f3 Rc4+ 44. Ke3 Rc3+ 45. Kd2 Rc5 46. Ke3 Re5+ 47. Kf2 Re6 48. g4 hxg4 49. fxg4 Bd4+ 50. Kf1 g5 51. h5 Bf3 52. Rd7 Be3 53. Rf7 Bxg4 54. Rd7 Bxh5 55. Kg2 Bf4 56. Kh3 Re3+ 57. Kg2 Re2+ 58. Kh3 g4+ 59.
Kh4 Rh2# 0-1

[Event "*** Titled Tuesday 3|2 Blitz"]
[Site "Chess.com"]
[Date "2016.08.02"]
[Round "3"]
[White "SabinoBrunello"]
[Black "diokletian"]
[Result "1/2-1/2"]
[WhiteElo "2588"]
[BlackElo "2455"]
[TimeControl "180+2"]
[EndTime "11:38:45 PDT"]
[Termination "Game drawn by stalemate"]

1. d4 Nf6 2. Nf3 d5 3. c4 e6 4. Bg5 h6 5. Bxf6 Qxf6 6. Nbd2 g6 7. Qc2 Qe7 8. g3 Bg7 9. Bg2 O-O 10. O-O c5 11.
dxc5 Qxc5 12. Rac1 dxc4 13. Nxc4 Nc6 14. Qb1 Qe7 15. Rfd1 e5 16. Ne3 Be6 17. Nd5 Bxd5 18. Rxd5 e4 19. Nd2 e3 20. Ne4 exf2+ 21. Kxf2 Rae8 22. Bf3 Nd4 23. Qd3 Nxf3 24. exf3 Bxb2 25. Rc2 Bg7 26. Rd7 Qb4 27. Kg2 Re7 28. Rxe7 Qxe7 29.
Qd6 Qxd6 30. Nxd6 b6 31. f4 Rd8 32. Rc8 Bf6 33. Kf3 Kf8 34. Ke4 Be7 35. Rxd8+ Bxd8 36.
Kd5 a6 37. a4 Ke7 38. Kc6 Ke6 39. Nb7 Bf6 40. Kxb6 Bd4+ 41. Kxa6 Bg1 42. Kb5 Kd7 43. h3 Bh2 44. Nc5+ Kc8 45. g4 Bxf4 46. Nd3 Bg3 47. Kc6 f5 48. gxf5 gxf5 49. Kd5 Kd7 50. a5 Kc7 51. Nc5 Kb8 52. Ne6 Ka7 53. Ng7 f4 54.
Ke4 Ka6 55. Nf5 h5 56. Ng7 h4 57. Nh5 Kxa5 58. Nxf4 Bxf4 59. Kxf4 Kb6 60. Kg4 Kc7 61. Kxh4 Kd8 62. Kg5 Ke8 63. Kg6 Kf8 64. Kh7 Kf7 65. h4 Kf8 66. h5 Kf7 67. h6 Kf8 68. Kh8 Kf7 69. h7 Kf8 1/2-1/2

[Event "*** Titled Tuesday 3|2 Blitz"]
[Site "Chess.com"]
[Date "2016.08.02"]
[Round "3"]
[White "FairChess_on_YouTube"]
[Black "Krutoy123"]
[Result "1-0"]
[WhiteElo "2704"]
[BlackElo "2398"]
[TimeControl "180+2"]
[EndTime "11:38:48 PDT"]
[Termination "FairChess_on_YouTube won by resignation"]

1. c4 Nf6 2. Nc3 g6 3. e4 d6 4. d4 Bg7 5. h3 O-O 6. Be3 e5 7.
d5 a5 8. Bd3 Na6 9. Nge2 Nc5 10. Bc2 Nfd7 11. g4 c6 12. dxc6 bxc6 13. Qxd6 Ne6 14. O-O-O c5 15. Ba4 Nd4 16. Bxd7 Bxd7 17. Qxc5 Rc8 18. Qd5 Be6 19. Qxd8 Rfxd8 20. b3 a4 21. Bxd4 exd4 22. Nd5 Bxd5 23. exd5 axb3 24. axb3 Rxd5 25. Kc2 Ra5 26. Nc1 h5 27. gxh5 Rxh5 28. Nd3 Rf5 29. c5 Rfxc5+ 30. Nxc5 Rxc5+ 31. Kd2 Rc3 32. b4 d3 33. Rb1 Ra3 34. b5 Bh6+ 35. Kd1 Ra2 36. b6 Rd2+ 37. Ke1 Re2+ 38. Kf1 Re8 39. b7 Bf4 40. Kg2 d2 41. Kf3 g5 42. h4 f6 43.
hxg5 fxg5 44. Rhd1 Rb8 45. Ke2 Re8+ 46. Kd3 Rd8+ 47. Ke4 Kf7 48. Rb2 Rb8 49. Kd3 Rd8+ 50.
Ke2 Rb8 51. Rdxd2 Bxd2 52. Kxd2 Ke6 53. Ke3 Kd5 54. Kf3 Kc6 55. Kg4 Rxb7 56. Rxb7 Kxb7 57. Kxg5 Kc6 58. Kf6 Kd7 59. f4 Ke8 60. Kg7 1-0

[Event "*** Titled Tuesday 3|2 Blitz"]
[Site "Chess.com"]
[Date "2016.08.02"]
[Round "3"]
[White "chipmunknau"]
[Black "Journey_to_GrandMaster_YT"]
[Result "1-0"]
[WhiteElo "2437"]
[BlackElo "2441"]
[TimeControl "180+2"]
[EndTime "11:38:54 PDT"]
[Termination "chipmunknau won by resignation"]

1. Nf3 d6 2. d4 Nf6 3. Nc3 Nbd7 4. e4 e5 5. Bc4 Be7 6. O-O O-O 7. h3 c6 8. a4 Nxe4 9. Nxe4 d5 10.
Bxd5 cxd5 11. Nc3 e4 12. Nh2 Nf6 13. Bf4 Be6 14. a5 Rc8 15. Re1 Qd7 16. Nf1 Rc6 17. Na4 Rfc8 18. c3 Ne8 19. Qd2 Nd6 20. Ne3 Nc4 21.
Nxc4 Rxc4 22. b3 R4c6 23. b4 Rc4 24. Rec1 h6 25. Nb2 R4c6 26. b5 Rd6 27. Qe2 Bg5 28. Bxg5 hxg5 29. Na4 b6 30. axb6 axb6 31. Nb2 f5 32.
Ra6 f4 33. Na4 Rb8 34. Rb1 g4 35. Qd2 f3 36. Qf4 fxg2 37. Nc5 Qe7 38. hxg4 Bf7 39. g5 Rf8 40. Qe5 Qxe5 41. dxe5 Rg6 42. Nd7 Rd8 43. Nxb6 Rxg5 44. Ra8 Rxa8 45. Nxa8 Be8 46. b6 Bc6 47. b7 Bxb7 48. Rxb7 Rxe5 49. Nb6 e3 50.
fxe3 Rxe3 51. Nxd5 Rd3 52. Rd7 Rd2 53. Nf6+ gxf6 54. Rxd2 1-0

[Event "*** Titled Tuesday 3|2 Blitz"]
[Site "Chess.com"]
[Date "2016.08.02"]
[Round "3"]
[White "Oleksandr_Bortnyk"]
[Black "pedromartinez91"]
[Result "0-1"]
[WhiteElo "2525"]
[BlackElo "2277"]
[TimeControl "180+2"]
[EndTime "11:38:55 PDT"]
[Termination "pedromartinez91 won by resignation"]

1. e4 c5 2. Nf3 Nc6 3. c3 d5 4.
exd5 Qxd5 5. d4 Bf5 6. Be3 e6 7. Na3 cxd4 8. Nb5 Qd7 9. Nbxd4 Bg4 10. Bb5 Nge7 11. Qa4 Bxf3 12. Nxf3 a6 13. Rd1 Qc8 14. Be2 Nd5 15. Bc1 b5 16. Qc2 Be7 17. h4 h6 18. Rh3 Bf6 19. Rg3 Ne5 20. Qe4 Nxf3+ 21. Bxf3 Kf8 22. h5 Qc5 23. Be3 Qc7 24. Bd4 Rd8 25.
Qg4 Bg5 26. Be4 f5 27. Rf3 Nf6 28. Bxf6 Rxd1+ 29. Kxd1 gxf6 30. Bxf5 exf5 31. Qxf5 Ke7 32. Kc2 Qe5 33. Qg6 Rf8 34. Qh7+ Rf7 35. Qd3 f5 36. a3 Qe4 37. Kb3 Qxd3 38. Rxd3 Ke6 39.
Kb4 Rd7 40. Rxd7 Kxd7 41. Ka5 Kc6 42. Kxa6 Bc1 43. b3 Bxa3 44. Ka5 Bb2 45. Kb4 Bc1 46.
g3 Bd2 47. f3 Be1 48. g4 fxg4 49. fxg4 Bd2 50. Ka5 Bxc3+ 51. Ka6 Bf6 52. Ka7 Kc5 53. Kb7 Kb4 54. Kc6 Bg5 55. Kb6 Be3+ 56. Kc6 Bf2 57. Kd5 Kxb3 58. g5 hxg5 59. h6 Kc3 60. h7 Bd4 61. Ke4 b4 62. Kf5 b3 63.
Kxg5 b2 64. h8=Q Bxh8 0-1

[Event "*** Titled Tuesday 3|2 Blitz"]
[Site "Chess.com"]
[Date "2016.08.02"]
[Round "3"]
[White "TigranLPetrosyan"]
[Black "GianmarcoVaR"]
[Result "1-0"]
[WhiteElo "2659"]
[BlackElo "2451"]
[TimeControl "180+2"]
[EndTime "11:38:58 PDT"]
[Termination "TigranLPetrosyan won by resignation"]

1. e4 c6 2. d4 d5 3. Nc3 dxe4 4.
Nxe4 Bf5 5. Ng3 Bg6 6. h4 h6 7.
Nf3 Nd7 8. h5 Bh7 9. Bd3 Bxd3 10. Qxd3 e6 11. Bf4 Qa5+ 12. Bd2 Bb4 13. c3 Be7 14.
Ne4 Ngf6 15. c4 Qc7 16. O-O-O b5 17. c5 Ng4 18. Qe2 Rd8 19. g3 O-O 20. Qe1 Rfe8 21. Ba5 Qc8 22. Kb1 f5 23. Bxd8 Qxd8 24. Nc3 Bf8 25.
Ne5 Ngxe5 26. dxe5 Qc7 27. f4 Nxc5 28. g4 fxg4 29. Ne4 Qf7 30. Nd6 Bxd6 31. exd6 Qxf4 32. Ka1 Qg5 33. Qa5 e5 34. Qc7 e4 35. d7 Rd8 36.
Qxc6 Qe7 37. Rd5 Nd3 38. Qxb5 g3 39. Rg1 g2 40. Rxg2 Nf4 41. Re5 Qxd7 42. Qxd7 Rxd7 43. Rg1 e3 44. Rxe3 Nxh5 45. a4 Kh7 46. Ka2 g5 47.
Ka3 Nf4 48. b4 Kg6 49. a5 h5 50. b5 h4 51. b6 axb6 52. axb6 h3 53. Rb3 Rb7 54.
Rb5 Ne2 55. Rgxg5+ Kf6 56. Rgf5+ Ke6 57. Rfe5+ Kd6 58.
Rxe2 1-0

[Event "*** Titled Tuesday 3|2 Blitz"]
[Site "Chess.com"]
[Date "2016.08.02"]
[Round "3"]
[White "chito89"]
[Black "AdamHunt1"]
[Result "0-1"]
[WhiteElo "2485"]
[BlackElo "2385"]
[TimeControl "180+2"]
[EndTime "11:39:06 PDT"]
[Termination "AdamHunt1 won by resignation"]

1. e4 c5 2. Nf3 e6 3. g3 Nf6 4. d3 d6 5. Bg2 Be7 6. O-O O-O 7. Re1 b6 8. a4 Bb7 9. c3 Nc6 10. Na3 Rc8 11. Bf4 e5 12. Bg5 Nd7 13. Bd2 f5 14. exf5 Rxf5 15. Nc4 Rf8 16. h4 Qc7 17. Ne3 Nd8 18.
Qb3+ Kh8 19. Nd5 Bxd5 20. Qxd5 Nf6 21. Qc4 d5 22. Qb5 Bd6 23. a5 e4 24. Ng5 h6 25.
axb6 axb6 26. Nh3 Ng4 27. Re3 Nxe3 28. Bxe3 Ne6 29. dxe4 d4 30. Bd2 dxc3 31. bxc3 Rcd8 32. Qe2 Be5 33. f4 Qd7 34. Ra2 Bc7 35. e5 Qd3 36. Bf3 Qb1+ 37. Be1 Rd1 38. Qxd1 Qxa2 39.
Qd5 Qb1 40. Qxe6 Qxe1+ 41. Kh2 Rd8 42. Bg2 Rd3 43. Qc8+ Bd8 44. Qg4 Rxc3 45. Ng1 Rc2 46. Qd7 Rd2 47. Qe8+ Kh7 48. h5 Qe4 49. Nf3 Rf2 50.
Nh4 Bxh4 51. Kh3 Qxg2+ 52. Kxh4 Qh1+ 53. Kg4 Qf3+ 54. Kf5 Qd3+ 55. Kg4 Rg2 0-1

[Event "*** Titled Tuesday 3|2 Blitz"]
[Site "Chess.com"]
[Date "2016.08.02"]
[Round "3"]
[White "Alliswell998"]
[Black "Schemato"]
[Result "0-1"]
[WhiteElo "2200"]
[BlackElo "2225"]
[TimeControl "180+2"]
[EndTime "11:39:09 PDT"]
[Termination "Schemato won by checkmate"]

1. e4 e6 2. d4 d5 3. Nc3 Nf6 4. Bg5 Bb4 5. e5 h6 6. Bd2 Bxc3 7. bxc3 Ne4 8. Qg4 Kf8 9. Bd3 Nxd2 10. Kxd2 Qg5+ 11.
Qxg5 hxg5 12. Rb1 c5 13. f3 Nc6 14. dxc5 Nxe5 15. Nh3 f6 16. Nf2 Nd7 17. Rb5 a6 18.
Ra5 Ne5 19. h3 Bd7 20. Rb1 Bc6 21. Ng4 Nxg4 22. fxg4 Ke7 23. Ra3 e5 24. Bf5 Kf7 25. Bd3 Rac8 26. Rab3 Rc7 27. Rb6 Rd8 28. Ke3 g6 29. a4 d4+ 30. cxd4 Rxd4 31. Be2 Rxa4 32. Bf3 e4 33. Be2 Ra3+ 34. R1b3 Ra2 35. Bc4+ Ke7 36.
Rc3 Ra1 37. Bg8 f5 38. gxf5 gxf5 39. Rb4 f4+ 40. Kf2 Kf6 41. Rd4 e3+ 42. Ke2 Bxg2 43.
Rd6+ Kg7 44. Be6 Ra5 45. Rcd3 Raxc5 46. c4 b5 47. Rd8 bxc4 48. R3d6 c3 49. Rg8+ Kh7 50.
Rdd8 c2 51. Rh8+ Kg7 52. Rdf8 c1=Q 53. Rhg8+ Kh7 54. Rh8+ Kg6 55. Rhg8+ Rg7 56. Bf7+ Kf6 57. Bd5+ Ke5 58. Re8+ Kxd5 59. Rxg7 Rc2+ 60. Kd3 Qd2# 0-1

[Event "*** Titled Tuesday 3|2 Blitz"]
[Site "Chess.com"]
[Date "2016.08.02"]
[Round "3"]
[White "GremioPrudente"]
[Black "Quiet_Desperation"]
[Result "1-0"]
[WhiteElo "2086"]
[BlackElo "2133"]
[TimeControl "180+2"]
[EndTime "11:39:22 PDT"]
[Termination "GremioPrudente won by resignation"]

1. Nf3 Nf6 2. c4 e6 3. d4 Bb4+ 4. Nbd2 b6 5. g3 Bb7 6. Bg2 O-O 7. O-O Be7 8. Qc2 d5 9. Rd1 c5 10. dxc5 bxc5 11. cxd5 exd5 12. Nc4 Nc6 13. Nce5 Nxe5 14.
Nxe5 Rc8 15. Bg5 h6 16. Bxf6 Bxf6 17. Nd3 c4 18. Nf4 Qb6 19. Nxd5 Bxd5 20. Bxd5 Qxb2 21. Rac1 Qxc2 22. Rxc2 c3 23. e4 Rb8 24. Bb3 a5 25. f4 Rbc8 26. e5 Be7 27. Rd7 Bb4 28. Kf2 Rcd8 29. e6 Rxd7 30. exd7 Rd8 31. a3 Bxa3 32. Rxc3 Bb4 33. Rd3 Kf8 34. Ba4 Ke7 35. Re3+ Kd6 36. Re8 Rxd7 37. Bxd7 Kxd7 38. Ra8 Kc6 39. Ke3 Kb5 40.
Kd3 a4 41. Kc2 Bc5 42. h3 a3 43. Kb3 Kc6 44. Rd8 h5 45. Rh8 g6 46. Rh7 Bf2 47. g4 hxg4 48. hxg4 f5 49. g5 Kd5 50. Rh6 Ke4 51.
Rxg6 Kxf4 52. Rg8 Bd4 53. g6 Kg5 54. Kxa3 f4 55. Kb3 f3 56. Rf8 f2 57. g7 Bxg7 58.
Rxf2 Be5 59. Kc4 Bg3 60. Rg2 Kg4 61. Kd5 Kf3 62. Ra2 Bf4 63. Ke6 Bg5 64. Kf5 Bc1 65.
Rc2 Be3 66. Rc3 Ke2 67. Ke4 Kd2 68. Rxe3 1-0

[Event "*** Titled Tuesday 3|2 Blitz"]
[Site "Chess.com"]
[Date "2016.08.02"]
[Round "3"]
[White "danir29"]
[Black "Semetey"]
[Result "0-1"]
[WhiteElo "2456"]
[BlackElo "2434"]
[TimeControl "180+2"]
[EndTime "11:39:26 PDT"]
[Termination "Semetey won by checkmate"]

1. d4 Nf6 2. Bf4 d5 3. e3 e6 4.
Nd2 Bd6 5. Bg3 O-O 6. Ngf3 Ne4 7. Bd3 f5 8. c4 c6 9. O-O Nxg3 10. hxg3 Nd7 11. Qc2 Nf6 12. cxd5 cxd5 13. Rfc1 Bd7 14.
Ne5 Qb6 15. Qb3 Rfc8 16. Qxb6 axb6 17. a3 Kf8 18. Nxd7+ Nxd7 19. g4 g6 20. gxf5 gxf5 21. g3 Kg7 22. Kg2 Nf6 23. Nf3 h6 24. Ng1 Rc7 25.
Rxc7+ Bxc7 26. Rc1 Bd6 27. Ne2 Kf7 28. Rh1 Rh8 29. Nc3 Ke7 30. Na4 Bc7 31. Rc1 Kd8 32. Nc3 h5 33. Nb5 Bb8 34. Rh1 Ke7 35. Kf3 Ng4 36. Ke2 Nf6 37. Kd2 Ng4 38. Ke2 Nf6 39. Ke1 Kd7 40. Be2 Rh7 41. Bf3 Ke7 42. Kd2 Rh8 43. Rc1 Kd7 44. Rh1 Rc8 45. Nc3 Rh8 46. Na4 Bc7 47. Nc3 Bd6 48. Nb5 Bb8 49.
a4 Rc8 50. Rh2 Rh8 51. Rh1 Rc8 52. Rc1 Rh8 53. Rh1 Ke7 54. Kd3 Kd7 55. Nc3 Bd6 56.
Ne2 Ke7 57. Ra1 Ra8 58. Nc3 Rh8 59. a5 bxa5 60. Rxa5 h4 61. gxh4 Rxh4 62. Ra7 Rh2 63. Rxb7+ Kd8 64. Nd1 Ne4 65. Bxe4 fxe4+ 66. Ke2 Rh1 67. b4 Kc8 68. Rg7 Bxb4 69. Nb2 Re1# 0-1

[Event "*** Titled Tuesday 3|2 Blitz"]
[Site "Chess.com"]
[Date "2016.08.02"]
[Round "3"]
[White "bugsbunny444"]
[Black "1stSecond"]
[Result "1/2-1/2"]
[WhiteElo "2314"]
[BlackElo "2528"]
[TimeControl "180+2"]
[EndTime "11:39:29 PDT"]
[Termination "Game drawn - insufficient material"]

1. Nf3 Nf6 2. c4 g6 3. b4 Bg7 4.
Bb2 O-O 5. g3 c6 6. Bg2 Na6 7.
a3 d5 8. cxd5 Nxd5 9. Bxg7 Kxg7 10. Qb3 Be6 11. O-O f6 12. Qb2 Nb6 13. d3 Nc7 14.
Nc3 Bf7 15. Ne4 Nb5 16. Nc5 Rb8 17. a4 Nd6 18. Ng5 Qc8 19. Bh3 Nf5 20. e4 Rd8 21. a5 Nd5 22. Nxf7 Kxf7 23. Qa2 b6 24. Na4 e6 25. exd5 Rxd5 26. axb6 axb6 27. Nb2 Nd4 28. Bg2 Rd7 29. Kh1 b5 30. Nd1 Qf8 31. Qb2 Qd6 32.
Nc3 f5 33. Rfd1 h5 34. Ra6 h4 35. Ne2 hxg3 36. hxg3 Qe5 37. Nxd4 Rxd4 38. Kg1 c5 39. bxc5 Qxc5 40. Rc1 Qe5 41. Ra7+ Kf6 42. Rcc7 Qe1+ 43. Bf1 Rd8 44. Qe2 Qxe2 45. Bxe2 b4 46. f4 Rf8 47.
Rab7 g5 48. fxg5+ Kxg5 49. Rc4 Rxc4 50. dxc4 f4 51. gxf4+ Kxf4 52. Kf2 Ke4+ 53. Ke1 e5 54. Rxb4 Kd4 55. Rb5 e4 56. Rd5+ Kc3 57. Rd7 Rf6 58. Rd8 Rf5 59. Re8 Rf4 60. Rd8 Rf5 61. Rd7 Rf4 62.
Rd1 Rf6 63. c5 Rc6 64. Rc1+ Kd4 65. Rc4+ Kd5 66. Kd2 Rc7 67. Ke3 Rxc5 68. Rxc5+ Kxc5 69. Kxe4 1/2-1/2

[Event "*** Titled Tuesday 3|2 Blitz"]
[Site "Chess.com"]
[Date "2016.08.02"]
[Round "3"]
[White "brauliocuarta"]
[Black "Carolina-moon"]
[Result "1-0"]
[WhiteElo "2034"]
[BlackElo "2037"]
[TimeControl "180+2"]
[EndTime "11:39:31 PDT"]
[Termination "brauliocuarta won by resignation"]

1. d4 f5 2. Bg5 g6 3. Nc3 Bg7 4.
e3 Nf6 5. h4 h6 6. Bxf6 Bxf6 7. Qf3 e6 8. Qg3 Rg8 9. O-O-O d5 10.
Nge2 a6 11. Nf4 Kf7 12. Be2 Nc6 13. h5 g5 14. Ng6 Bd7 15. f3 b5 16. e4 b4 17. exd5 Nxd4 18. dxe6+ Bxe6 19. Ne5+ Bxe5 20. Qxe5 bxc3 21. Rxd4 cxb2+ 22. Kb1 Qf6 23. Qxc7+ Qe7 24.
Qxe7+ Kxe7 25. Rhd1 Rgb8 26. Rd6 a5 27. Rc6 Ra7 28. c4 a4 29. Rdd6 Bd7 30. Rb6 f4 31.
Rxh6 Bf5+ 32. Kxb2 Rxb6+ 33. Rxb6 a3+ 34. Kb3 Rd7 35. c5 Rd2 36. h6 Be6+ 37. Kxa3 Rxe2 38. Kb4 Rxa2 39. h7 Ra8 40. c6 Kd6 41. c7+ Kxc7 42. Rxe6 Rh8 43. Re7+ Kd6 44. Rg7 Ke5 45. Rxg5+ Kf6 46.
Rg4 Kf5 47. Rg7 Kf6 48. Rg4 Rxh7 49. Rxf4+ Ke5 50. Rg4 Rc7 51. Rg6 Kf5 52. Rg8 Kf4 53. Rg4+ Ke3 54. Kb5 Kf2 55. Kb6 Rc3 56. Rg8 Ke3 57.
Rg5 Kf4 58. Rg4+ Kf5 59. Kb5 Rc2 60. Kb4 Rc1 61. Re4 Rc7 62. g4+ Kg5 63. Re5+ Kf4 64. Rf5+ Ke3 65. g5 Rg7 66. f4 Ke4 67. Rf6 Rc7 68.
g6 Rg7 69. f5 Ke5 70. Rf7 Rg8 71. g7 Kd6 72. f6 Ke6 73. Rf8 Kf5 74. Rxg8 Kg6 75.
Ra8 Kf7 76. g8=Q+ Kxf6 77. Qd5 1-0

[Event "*** Titled Tuesday 3|2 Blitz"]
[Site "Chess.com"]
[Date "2016.08.02"]
[Round "3"]
[White "Genghis_K"]
[Black "Astaneh"]
[Result "0-1"]
[WhiteElo "2689"]
[BlackElo "2491"]
[TimeControl "180+2"]
[EndTime "11:39:36 PDT"]
[Termination "Astaneh won by resignation"]

1. e4 c6 2. d4 d5 3. Nc3 dxe4 4. Nxe4 Nd7 5. Bd3 Ngf6 6. Ng5 e6 7. N1f3 Bd6 8. Qe2 Qe7 9. O-O h6 10. Ne4 Nxe4 11.
Qxe4 Nf6 12. Qe2 b6 13. c4 Bb7 14. b3 c5 15. Bb2 O-O 16. Rad1 Rfe8 17. dxc5 Bxc5 18.
Ne5 Rad8 19. Bb1 Rxd1 20. Rxd1 Rd8 21. Re1 Bd4 22. Bxd4 Rxd4 23. h3 Qd6 24. Nf3 Qc6 25.
Rd1 Rxd1+ 26. Qxd1 Qd7 27. Qe2 Qc6 28. Qd3 Qd7 29.
Ne5 Qc7 30. Ng4 Nxg4 31. hxg4 g6 32. Qe3 Qd6 33. Bc2 Kg7 34. f3 Bc6 35. Kf2 Qc5 36. Ke2 Qa3 37. Qc3+ Kg8 38. Bb1 Qd6 39. Qd2 Qg3 40.
Ke3 Qh4 41. Bc2 Kg7 42. Qd4+ Kg8 43. Ke2 Qh2 44. Qf2 Qe5+ 45. Qe3 Qb2 46. Kd1 Qa1+ 47. Qc1 Qxa2 48. Qxh6 Qa1+ 49. Qc1 Qd4+ 50. Ke2 Qc3 51. Qd2 Qe5+ 52. Qe3 Qb2 53. Qd2 Kg7 54. Kf2 a5 55. g5 a4 56. bxa4 Bxa4 57. Kg3 Bxc2 58. Qe2 Qc3 59. Qf2 Qe5+ 60. f4 Qc3+ 61. Kh4 Qxc4 62.
Qxb6 Qxf4+ 63. Kh3 Bf5+ 64. g4 Bxg4+ 65. Kg2 Qf3+ 66.
Kh2 Qf4+ 67. Kg2 Qxg5 68. Qb2+ Qf6 69. Qd2 Bf3+ 70. Kh2 Bd5 71. Qe3 Qh4+ 72. Kg1 Qh1+ 73. Kf2 Qf3+ 0-1

[Event "*** Titled Tuesday 3|2 Blitz"]
[Site "Chess.com"]
[Date "2016.08.02"]
[Round "3"]
[White "Gabrielian_Artur"]
[Black "maciek_92"]
[Result "1/2-1/2"]
[WhiteElo "2553"]
[BlackElo "2604"]
[TimeControl "180+2"]
[EndTime "11:39:48 PDT"]
[Termination "Game drawn - insufficient material"]

1. e4 c5 2. Nf3 Nc6 3. Bb5 g6 4. Bxc6 dxc6 5. h3 Bg7 6. d3 Nf6 7. Nc3 O-O 8. Be3 Nd7 9. Qd2 Re8 10. Bh6 Bh8 11. O-O-O b5 12. Kb1 Nb6 13. h4 Bg4 14. h5 b4 15. Ne2 Na4 16. hxg6 fxg6 17. b3 Nc3+ 18. Nxc3 Bxc3 19. Qg5 Bxf3 20. gxf3 Bf6 21.
Qxc5 e6 22. e5 Be7 23. Qc4 Qd5 24. Qxd5 cxd5 25. f4 a5 26. d4 a4 27. Rh3 Ra7 28.
Kb2 Rea8 29. Ra1 Bd8 30. bxa4 Bb6 31. Rd3 Rxa4 32. f5 b3 33. Rxb3 Bxd4+ 34. c3 Bxe5 35. fxe6 d4 36. Bd2 R4a6 37. e7 Re6 38. Rb7 Bf6 39. cxd4 Re2 40. Re1 Bxd4+ 41. Kb3 Rxe1 42. Bxe1 Re8 43. a4 Bc5 44. Bb4 Bxf2 45. a5 h5 46. a6 h4 47. a7 Kf7 48. Bd6 g5 49.
Kc4 g4 50. Bc5 g3 51. Bxf2 gxf2 52. Rb1 Ra8 53. Rf1 Rxa7 54. Rxf2+ Kxe7 55. Kd5 Ra4 56. Ke5 Rg4 57. Kf5 Rg8 58. Rh2 Rh8 59. Kg4 h3 60. Rxh3 Rxh3 61. Kxh3 1/2-1/2

[Event "*** Titled Tuesday 3|2 Blitz"]
[Site "Chess.com"]
[Date "2016.08.02"]
[Round "3"]
[White "stefanodinn"]
[Black "oggy1984"]
[Result "1-0"]
[WhiteElo "2209"]
[BlackElo "2303"]
[TimeControl "180+2"]
[EndTime "11:40:00 PDT"]
[Termination "stefanodinn won on time"]

1. e4 c6 2. d4 d5 3. Nc3 dxe4 4. Nxe4 Nf6 5. Nxf6+ exf6 6. Nf3 Bf5 7. Be2 Bd6 8.
O-O O-O 9. Be3 Qc7 10. c4 Nd7 11. Qd2 Rfe8 12. Rfd1 Bg4 13. h3 Bh5 14. Rac1 Rad8 15. b4 f5 16. c5 Bf8 17. Bf4 Qc8 18. Qb2 Nf6 19. Bg5 Be7 20. b5 Ne4 21. Bxe7 Rxe7 22.
bxc6 bxc6 23. Ne5 Bxe2 24. Qxe2 f6 25. Qc4+ Kf8 26. Nf3 Red7 27. Qc2 Rd5 28. Rb1 Qd7 29. Rdc1 g5 30. Rb4 Qe6 31. Re1 h5 32. Rb7 R8d7 33. Rxd7 Rxd7 34. Qb2 Kg7 35. a4 Kg6 36.
Nd2 Qd5 37. Nxe4 fxe4 38. Rd1 f5 39. Qb8 f4 40. Qe8+ Kh6 41. Qh8+ Kg6 42. Qe8+ Kf5 43. Qxh5 Qf7 44. Qg4+ Kg6 45. h4 Qf5 46. Qxf5+ Kxf5 47. hxg5 Kxg5 48. Kf1 Kf5 49. Ke2 Ke6 50. f3 Kd5 51. fxe4+ Kxe4 52. Kf2 Rg7 53. a5 Rg3 54. Re1+ Kxd4 55. Re7 Kxc5 56. Rxa7 Ra3 57. Rf7 Ra4 58. Rf5+ Kd6 59. Kf3 c5 60. Rxf4 Rxa5 61. Rf5 Ra3+ 62. Kf4 c4 63. Rf8 c3 64. Rc8 Kd5 65. Ke3 1-0

[Event "*** Titled Tuesday 3|2 Blitz"]
[Site "Chess.com"]
[Date "2016.08.02"]
[Round "3"]
[White "fireheart92"]
[Black "Maitreia"]
[Result "0-1"]
[WhiteElo "2253"]
[BlackElo "2370"]
[TimeControl "180+2"]
[EndTime "11:40:12 PDT"]
[Termination "Maitreia won on time"]

1. d4 Nf6 2. Nf3 g6 3. Bg5 Bg7 4.
Nbd2 O-O 5. c3 d6 6. e4 c5 7.
dxc5 dxc5 8. Bc4 Nc6 9. Qe2 Bg4 10. h3 Bxf3 11. Nxf3 h6 12. Bf4 Nh5 13. Bh2 e5 14. O-O Nf4 15. Qe3 Qf6 16. Rfd1 b6 17. Rd7 Rad8 18.
Rad1 g5 19. R1d6 Qxd6 20. Rxd6 Rxd6 21. Bxf4 exf4 22. Qe2 Ne5 23. Nxe5 Bxe5 24. Bd5 Kg7 25. h4 Rg6 26. h5 Rf6 27. Qg4 f3 28. g3 Rd8 29. a4 a6 30. Kf1 b5 31. axb5 axb5 32.
Ke1 b4 33. Kd2 bxc3+ 34. bxc3 c4 35. Kc2 Rdd6 36. Qh3 Ra6 37. Bxc4 Rac6 38. Qf1 Rc5 39. Kd2 Rfc6 40. Bd5 Rb6 41. c4 Ra5 42. c5 Rb2+ 43. Kd3 Ra3+ 44. Bb3 Raxb3+ 45. Kc4 Rb1 46. Qh3 Rb8 47.
Qf5 Re8 48. Qd7 Rc1+ 49. Kb5 Re6 50. Qd3 Rb1+ 51. Qxb1 Bd4 52. Qc2 Re5 53. Qd2 Bxc5 54. Kc4 g4 55. Qf4 Rg5 56. Qxg5+ hxg5 57. Kxc5 Kh6 58. Kd6 Kxh5 59. Ke7 Kg6 60. e5 Kf5 61. Kxf7 Kxe5 62. Kg6 Ke4 63. Kxg5 Kd3 64. Kxg4 Ke2 65.
Kh5 Kxf2 66. g4 Ke3 67. g5 f2 68. g6 f1=Q 69. g7 Qf7+ 70. Kh6 Qg8 71. Kg6 Ke4 72. Kf6 Kf4 0-1

[Event "*** Titled Tuesday 3|2 Blitz"]
[Site "Chess.com"]
[Date "2016.08.02"]
[Round "3"]
[White "eltenedor"]
[Black "the_drake"]
[Result "0-1"]
[WhiteElo "2029"]
[BlackElo "2116"]
[TimeControl "180+2"]
[EndTime "11:40:14 PDT"]
[Termination "the_drake won by resignation"]

1. c4 e5 2. g3 Nf6 3. Bg2 d5 4. cxd5 Nxd5 5. Nf3 Nc6 6. O-O Be7 7. d4 e4 8. Ne5 f5 9. Nxc6 bxc6 10. Qc2 Qd6 11. a3 O-O 12. Nd2 Ba6 13. Nc4 Bxc4 14.
Qxc4 Kh8 15. e3 g5 16. f4 g4 17. Bd2 a5 18. Rac1 Rab8 19. Rc2 Rb5 20. Rb1 Rfb8 21. Bf1 Rb3 22. Kf2 Qh6 23. Qxc6 Qxh2+ 24. Bg2 Nf6 25. Rh1 R3b6 26. Rxh2 Rxc6 27. Rxc6 Rxb2 28. Ke2 Bd6 29.
Ra6 Nd5 30. Rxa5 Nc3+ 31. Ke1 Rb1+ 32. Kf2 Rb2 33. Ke1 Rb1+ 34. Kf2 Rb2 35. Ke1 Nb1 36. Bc1 Rc2 37. Kd1 Rf2 38. Rxf5 Nc3+ 39. Ke1 Re2+ 40.
Kf1 Rc2 41. Rf7 Rxc1+ 42. Kf2 Rc2+ 43. Kg1 Ne2+ 44. Kf2 Nxf4+ 45. Kf1 Rc1+ 46. Kf2 Nd3+ 47. Ke2 Rc2+ 48. Kd1 Rf2 49. Rhxh7+ Kg8 50. Rxf2 Nxf2+ 51. Ke2 Kxh7 52. Kxf2 Kg6 53. Bxe4+ Kg5 54. Bd3 Bxa3 55.
e4 Bd6 56. e5 Be7 57. Be4 Bd8 58. d5 Be7 59. e6 Bc5+ 60. Kg2 Bd6 61. Bd3 Bc5 62.
Be2 Bd6 63. Bd3 Be7 64. Be4 Bd6 65. Kf2 Bc5+ 66. Ke2 Bd6 67. Kf2 Kf6 68. Bd3 Ke5 69. Be2 Kxd5 70. Bxg4 Ke5 71. Kf3 Kf6 72. Bh3 Kg5 73.
Bf1 Be7 74. Bc4 Bd6 75. g4 Be7 76. Bd3 Bd6 77. Bf5 Be7 78. Ke4 c5 79. Kd5 Kf6 80. Kc6 c4 81. Kd7 Bb4 82. e7 Bxe7 83. g5+ Kxf5 84.
Kxe7 Kxg5 0-1

[Event "*** Titled Tuesday 3|2 Blitz"]
[Site "Chess.com"]
[Date "2016.08.02"]
[Round "3"]
[White "Iball95"]
[Black "jcibarra"]
[Result "0-1"]
[WhiteElo "2466"]
[BlackElo "2673"]
[TimeControl "180+2"]
[EndTime "11:40:37 PDT"]
[Termination "jcibarra won by checkmate"]

1. e4 e5 2. Nf3 Nc6 3. Nc3 Nf6 4. Bb5 Bb4 5. O-O O-O 6. d3 Bxc3 7. bxc3 d6 8. Bg5 Qe7 9. Re1 Nd8 10. d4 Ne6 11. Bd2 c5 12. Nh4 g6 13. Nf3 Nh5 14.
Bf1 Qf6 15. d5 Nef4 16. g3 Nh3+ 17. Bxh3 Bxh3 18. Bg5 Qg7 19. Be7 Bg4 20. Bxf8 Rxf8 21. Qd3 Bc8 22. Qd2 h6 23. Nh4 f5 24. exf5 gxf5 25.
Rab1 f4 26. c4 Qg5 27. Rb3 fxg3 28. Qxg5+ hxg5 29. hxg3 gxh4 30. gxh4 Rf4 31. Ra3 a6 32. Rb3 Kf7 33. Rc3 Rxh4 34. Ree3 Nf4 35. a4 Rg4+ 36.
Kf1 Rh4 37. Kg1 Rh6 38. a5 Rg6+ 39. Kf1 Rh6 40. Kg1 Bg4 41. Rb3 Bc8 42. Rb6 Ke7 43. Rbb3 Kd8 44. Rb6 Kc7 45. Reb3 Ne2+ 46. Kg2 Rg6+ 47.
Kh2 Nf4 48. Rg3 Rh6+ 49. Kg1 Ne2+ 50. Kg2 Nxg3 51. fxg3 Rg6 52. Kf3 Rg4 53. Rb1 Rxc4 54. Rh1 Bg4+ 55. Ke3 Rxc2 56. Rh7+ Bd7 57. g4 Rg2 58. g5 Rxg5 59. Kd3 Rg4 60. Kc2 Rd4 61. Kc3 Rxd5 62. Kc4 Rd4+ 63. Kc3 Kc6 64. Rh6 Ra4 65. Kb3 Rxa5 66. Rh1 Rb5+ 67. Kc3 Rb4 68. Rh6 a5 69. Rh8 b6 70. Ra8 e4 71. Rh8 d5 72. Rh6+ Kb5 73.
Kd2 Bc6 74. Ke3 d4+ 75. Kf4 e3 76. Ke5 e2 77. Kd6 e1=Q 78. Rh5 Qg3+ 79. Re5 Qxe5+ 80.
Kxe5 d3 81. Kd6 a4 82. Kc7 Rd4 83. Kb8 Rd7 84. Kc8 c4 85. Kb8 a3 86. Kc8 c3 87.
Kb8 Kc5 88. Kc8 b5 89. Kb8 Kb6 90. Kc8 b4 91. Kb8 b3 92. Kc8 d2 93. Kb8 c2 94.
Kc8 b2 95. Kb8 a2 96. Kc8 a1=Q 97. Kb8 b1=Q 98. Kc8 c1=Q 99. Kb8 d1=Q 100. Kc8 Qa6+ 101. Kb8 Qf4# 0-1